 Dungeon Crawl Stone Soup version 0.21.1-1-g345015f (webtiles) character file.

39568 inc the Covert (level 13, -1/62 HPs)
             Began as a Felid Enchanter on Mar 2, 2018.
             Was the Champion of Ashenzari.
             Slain by Azrael
             ... wielding a +3 scimitar of flaming
              (20 damage)
             ... on level 14 of the Dungeon.
             The game lasted 01:35:22 (29735 turns).

inc the Covert (Felid Enchanter)                   Turns: 29735, Time: 01:35:22

Health: -1/62      AC:  6    Str:  4    XL:     13   Next: 69%
Magic:  23/25      EV: 26    Int: 21    God:    Ashenzari [******]
Gold:   1054       SH:  2    Dex: 19    Spells: 7/27 levels left
                                        Lives:  0   Deaths: 4

rFire    + . .     SeeInvis +     - Unarmed
rCold    + . .     Gourm    .   (shield unavailable)
rNeg     . . .     Faith    .   (armour unavailable)
rPois    .         Spirit   .   (helmet unavailable)
rElec    .         Reflect  +   (cloak unavailable)
rCorr    .         Harm     .   (gloves unavailable)
MR       +....     Clarity  +   (boots unavailable)
Stlth    ++++......             A - +2 amulet of reflection (curse)
HPRegen  0.20/turn              k - +3 ring of protection (curse)
MPRegen  0.19/turn              o - ring of stealth (curse)

@: liquid flames, glowing, quick
A: very small, no armour, no weapons or thrown items, stealth, claws 1, fangs 3,
thin skeletal structure 1, see invisible, carnivore, fire resistance 1, speed 1,
shaggy fur 3, slow metabolism 1, sharp paws
a: Curse Item, Scrying, Transfer Knowledge, Renounce Religion


You were on level 14 of the Dungeon.
You worshipped Ashenzari.
Ashenzari was exalted by your worship.
You were not hungry.

You visited 5 branches of the dungeon, and saw 24 of its levels.
You also visited: Labyrinth, Trove and Ossuary.

You collected 2020 gold pieces.
You spent 966 gold pieces at shops.

Inventory:

Jewellery
 j - an uncursed ring of resist corrosion
 k - a cursed +3 ring of protection (left paw)
 n - the cursed ring "Jieg" {rF+ Dex+2}
   (You acquired it on level 14 of the Dungeon)

   [ring of protection from fire]

   It affects your dexterity (+2).
   It protects you from fire.
   It has a curse placed upon it.
 o - a cursed ring of stealth (right paw)
 A - a cursed +2 amulet of reflection (around neck)
 K - an uncursed amulet of faith
 L - an uncursed ring of magical power
 X - an uncursed ring of positive energy
 Y - an uncursed ring of positive energy
Wands
 e - a wand of flame (64)
 h - a wand of disintegration (8)
 t - a wand of random effects (29)
 C - a wand of polymorph (25)
 I - a wand of scattershot (11)
 J - a wand of digging (37)
 M - a wand of iceblast (33)
 N - a wand of clouds (10)
 O - a wand of acid (14)
 P - a wand of paralysis (24)
 Z - a wand of enslavement (21)
Scrolls
 c - 9 scrolls of magic mapping
 d - 6 scrolls of immolation
 l - 2 scrolls of fog
 m - 12 scrolls of remove curse
 r - 3 scrolls of blinking
 w - a scroll of vulnerability
 x - 8 scrolls of amnesia
 z - 4 scrolls of identify
 D - 2 scrolls of fear
 E - 6 scrolls of teleportation
Potions
 g - 2 potions of curing
 i - a potion of ambrosia
 p - 3 potions of might
 q - a potion of cancellation
 s - 3 potions of agility
 u - 2 potions of flight
 F - a potion of resistance
 G - 5 potions of haste
 Q - a potion of heal wounds
Books
 a - a book of Maledictions

   Spells                             Type                      Level
   a - Corona                         Hexes                        1
   b - Ensorcelled Hibernation        Hexes/Ice                    2
   c - Confuse                        Hexes                        3
   d - Tukima's Dance                 Hexes                        3
   e - Dazzling Spray                 Conjuration/Hexes            3
 f - a book of the Earth

   Spells                             Type                      Level
   a - Leda's Liquefaction            Hexes/Earth                  4
   b - Bolt of Magma                  Conjuration/Fire/Earth       5
   c - Statue Form                    Transmutation/Earth          6
   d - Iron Shot                      Conjuration/Earth            6
   e - Shatter                        Earth                        9
 v - a book of Callings

   Spells                             Type                      Level
   a - Summon Small Mammal            Summoning                    1
   b - Call Imp                       Summoning                    2
   c - Call Canine Familiar           Summoning                    3
   d - Summon Guardian Golem          Hexes/Summoning              3
   e - Summon Lightning Spire         Summoning/Air                4
   f - Summon Ice Beast               Ice/Summoning                4
 y - a book of Geomancy

   Spells                             Type                      Level
   a - Sandblast                      Earth                        1
   b - Passwall                       Transmutation/Earth          2
   c - Stone Arrow                    Conjuration/Earth            3
   d - Petrify                        Transmutation/Earth          4
   e - Lee's Rapid Deconstruction     Earth                        5
 H - a book of Flames

   Spells                             Type                      Level
   a - Flame Tongue                   Conjuration/Fire             1
   b - Throw Flame                    Conjuration/Fire             2
   c - Conjure Flame                  Conjuration/Fire             3
   d - Inner Flame                    Hexes/Fire                   3
   e - Sticky Flame                   Conjuration/Fire             4
   f - Fireball                       Conjuration/Fire             5
Miscellaneous
 R - a fan of gales
 S - a sack of spiders
 T - a phantom mirror
 U - a phial of floods
 V - a crystal ball of energy
 W - a lightning rod (4/4)
Comestibles
 b - 31 rations


   Skills:
 - Level 10.5 Fighting
 - Level 9.3 Dodging
 - Level 14.9 Stealth
 - Level 7.2 Unarmed Combat
 - Level 7.8 Spellcasting
 - Level 11.8(16.0) Hexes
 - Level 10.8(15.0) Summonings
 + Level 2.8(6.6) Transmutations
 - Level 5.3(9.8) Ice Magic
 - Level 4.4(8.7) Air Magic
 + Level 2.3(5.8) Earth Magic
 - Level 14.1(18.2) Evocations


You had 7 spell levels left.
You knew the following spells:

 Your Spells              Type           Power        Failure   Level  Hunger
a - Corona                Hex            ######.      0%          1    None
b - Ensorcelled Hibernat  Hex/Ice        ######       1%          2    None
c - Confuse               Hex            ######..     1%          3    None
d - Summon Lightning Spi  Summ/Air       ######..     1%          4    ###....
e - Summon Ice Beast      Ice/Summ       ######..     1%          4    ###....
f - Statue Form           Tmut/Erth      ####.....    67%         6    ######.


Dungeon Overview and Level Annotations

Branches:
Dungeon (14/15)            Temple (1/1) D:7            Lair (6/6) D:10
  Swamp (1/4) Lair:2       Spider (0/4) Lair:3        Slime (0/5) Lair:5
    Orc (2/2) D:10            Elf (0/3) Orc:2        Vaults (0/5) D:13

Altars:
Ashenzari
Cheibriados
Dithmenos
Elyvilon
Fedhas
Gozag
Hepliaklqana
Kikubaaqudgha
Makhleb
Nemelex Xobeh
Okawaru
Qazlal
Ru
Sif Muna
Trog
Uskayaw
Vehumet
Wu Jian
Xom
Yredelemnul
Zin
The Shining One
Beogh
Jiyva

Shops:
D:6 (   D:9 ?   Orc:1 *   Orc:2 !(:(?

Annotations:
D:4 SaintRoka's ghost, novice NaEn
D:5 1 runed door
D:12 Nessos; Ratty's ghost, journeyman CeMo
D:13 shugdite's ghost, journeyman MiFi
D:14 Azrael


Innate Abilities, Weirdness & Mutations

You cannot wear armour.
You are incapable of wielding weapons or throwing items.
Your paws allow you to move quietly. (Stealth)
You have sharp claws.
You have razor-sharp teeth.
You have supernaturally acute eyesight. (SInv)
You are carnivorous and can eat meat at any time.
You cover ground quickly.
Your thick and shaggy fur keeps you warm. (AC +3, rC+)
You have a slow metabolism.
Your sharp claws are effective at attacking unaware monsters.
You have a somewhat thin skeletal structure. (Dex +2, Stealth)
Your flesh is heat resistant. (rF+)


Message History

You are covered in liquid flames!
You are covered in liquid flames!
The helpless hell hound fails to defend itself.
You eviscerate the hell hound!!!
You kill the hell hound!
You are covered in liquid flames!
Azrael gestures at you.
The sphere of damnation explodes!
The damnation engulfs you!
Ouch! That really hurt!
The damnation engulfs Azrael.
Azrael completely resists.
Okay, then.
Casting: Ensorcelled Hibernation
Confirm with . or Enter, or press ? or * to list all spells.
Aiming: Ensorcelled Hibernation
Press: ? - help, Shift-Dir - straight line, f - Azrael
Aim: Azrael, wielding a scimitar of flaming (chance to defeat MR: 55%) Azrael resists with some effort.
You are covered in liquid flames!
Azrael hits you with a scimitar of flaming!!
You die...

**,, * ** * *,+, *,
* * , * * * * ***
**** * * *
#####+###### *
,,,,,,, #..........#
##### , , , ,
**#..........# #....
, , ,* ,+.†§..?....#
#.... ,, +
#.R........####....
,, ,,
*#.@........'..'....
>, ,
#..........####....
, , , ############
#.... * ** * #....
#####


You could see Azrael.

Vanquished Creatures
  Rupert (Orc:2)
  A minotaur (Lab)
  A fire dragon (Lair:6)
  Erolcha (Orc:1)
  A yaktaur captain (D:13)
  Fannar (Orc:1)
  Harold (Lair:4)
  6 hydras
  A catoblepas (D:13)
  A centaur warrior (D:13)
  4 two-headed ogres
  Urug (Lair:3)
  Nergalle (Lair:4)
  An unseen horror (D:10)
  A swamp dragon (Lair:6)
  13 orc knights
  An orc sorcerer (Orc:2)
  2 wolf spiders (Lair:6)
  An ugly thing (D:11)
  A guardian serpent (Lair:6)
  7 black mambas
  18 spiny frogs
  A gargoyle (D:14)
  A torpor snail (Lair:4)
  5 rime drakes
  12 komodo dragons
  A yaktaur (D:13)
  2 tengu conjurers (D:14)
  2 jumping spiders (Lair:3)
  3 hornets
  3 trolls
  Prince Ribbit (D:6)
  10 blink frogs
  7 hippogriffs
  7 dream sheep (Lair:6)
  A redback (Lair:3)
  31 yaks
  A shadow (D:11)
  A wraith (D:11)
  A vampire (D:11)
  14 wyverns (Lair:6)
  4 basilisks
  Eustachio (D:5)
  3 steam dragons (Lair:6)
  3 hungry ghosts
  10 wargs
  24 water moccasins
  9 porcupines
  A black bear (D:7)
  3 swamp drakes (Lair:6)
  6 hell hounds
  34 orc warriors
  3 ice beasts
  4 sky beasts
  An eye of draining (D:11)
  2 phantoms
  7 wolves
  7 ogres
  3 necrophages
  6 centaurs
  13 crocodiles
  2 big kobolds
  13 bullfrogs
  A wyvern zombie (D:13)
  13 scorpions
  5 killer bees
  13 wights
  A crimson imp (D:11)
  A bullfrog zombie (D:5)
  A quasit (D:9)
  2 hounds
  2 jellies
  6 centaur zombies
  11 orc priests
  2 bullfrog skeletons
  14 orc wizards
  4 centaur skeletons
  6 iguanas
  14 worker ants
  3 big kobold zombies (Ossuary)
  A hound skeleton (D:9)
  3 mummies (Ossuary)
  A howler monkey zombie (D:11)
  A worker ant zombie (D:10)
  6 gnolls
  10 adders
  3 scorpion zombies (Ossuary)
  3 shadow imps
  2 oozes
  2 adder zombies
  3 worms
  2 dart slugs (D:1)
  3 leopard geckos
  74 orcs
  11 giant cockroaches
  A gnoll zombie (Ossuary)
  7 goblins
  6 hobgoblins
  A jackal (D:2)
  3 quokkas
  5 ball pythons
  12 bats
  11 frilled lizards
  2 goblin zombies (Ossuary)
  2 hobgoblin zombies (Ossuary)
  14 kobolds
  2 kobold zombies (Ossuary)
  A leopard gecko zombie (D:5)
  A quokka zombie (D:7)
  9 rats
  A fungus (Lair:6)
  3 plants
634 creatures vanquished.

Vanquished Creatures (collateral kills)
  An orc warlord (Orc:1)
  Snorg (Orc:1)
  2 hydras
  4 orc knights (Orc:2)
  An orc sorcerer (Orc:1)
  5 oklob plants
  A komodo dragon (Lair:6)
  A jumping spider (Lair:3)
  A warg (Orc:2)
  2 water moccasins
  11 orc warriors
  2 orc priests (Orc:1)
  2 orc wizards
  12 orcs
46 creatures vanquished.

Vanquished Creatures (others)
  An iguana (Lair:6)
  13 fungi
  18 plants
32 creatures vanquished.

Grand Total: 712 creatures vanquished

Notes
Turn   | Place    | Note
-------+----------+-------------------------------------------
     0 | D:1      | inc the Felid Enchanter began the quest for the Orb.
     0 | D:1      | Reached XP level 1. HP: 7/7 MP: 4/4
   108 | D:1      | Reached XP level 2. HP: 9/11 MP: 6/6
   977 | D:1      | Reached XP level 3. HP: 12/14 MP: 7/7
  1714 | D:2      | Learned a level 2 spell: Ensorcelled Hibernation
  2088 | D:2      | Found an iron altar of Okawaru.
  2096 | D:2      | Found a glowing silver altar of Zin.
  2272 | D:2      | Reached XP level 4. HP: 14/18 MP: 5/8
  3016 | D:3      | Reached XP level 5. HP: 21/21 MP: 6/9
  3427 | D:3      | Reached skill level 5 in Unarmed Combat
  4028 | D:4      | Noticed an ogre
  4196 | D:4      | Noticed SaintRoka's ghost (novice NaEn)
  4766 | D:4      | Killed an ogre
  4766 | D:4      | Gained mutation: You are covered in thick fur. (AC +2) [Felid growth]
  4766 | D:4      | Reached XP level 6. HP: 19/24 MP: 5/10
  5012 | D:4      | Found a shattered altar of Ashenzari.
  5025 | D:4      | Became a worshipper of Ashenzari the Shackled
  5132 | D:5      | Entered Level 5 of the Dungeon
  5145 | D:5      | Noticed Eustachio
  5239 | D:5      | Reached skill level 5 in Stealth
  5239 | D:5      | Reached XP level 7. HP: 27/27 MP: 11/11
  5525 | D:5      | Killed Eustachio
  5892 | D:5      | Found a runed door.
  6027 | D:5      | Learned a level 3 spell: Confuse
  6116 | D:5      | Found a runed door.
  6134 | D:5      | Reached XP level 8. HP: 31/31 MP: 5/12
  6527 | D:5      | Reached skill level 1 in Ice Magic
  6538 | D:5      | Reached skill level 5 in Hexes
  6970 | D:6      | Found a burning altar of Makhleb.
  6972 | D:6      | Noticed a balrug
  7012 | D:6      | Found Pynix's Weapon Shoppe.
  7248 | D:6      | Slain by a centaur
  7249 | D:6      | Reached XP level 7. HP: -4/27 MP: 2/11
  7311 | D:6      | Noticed Prince Ribbit
  7318 | D:6      | Killed Prince Ribbit
  7466 | D:6      | Reached * piety under Ashenzari
  7569 | D:6      | Reached XP level 8. HP: 31/31 MP: 12/12
  8030 | D:7      | Found a staircase to the Ecumenical Temple.
  8205 | Temple   | Entered the Ecumenical Temple
  8447 | D:8      | Found a transporter.
  8477 | D:8      | Reached skill level 5 in Ice Magic
  8548 | D:8      | Found a sand-covered staircase.
  8576 | Ossuary  | Entered an ossuary
  8603 | Ossuary  | Reached XP level 9. HP: 34/34 MP: 5/13
  8612 | Ossuary  | Reached skill level 10 in Hexes
  8934 | Ossuary  | Reached skill level 5 in Dodging
  9066 | Ossuary  | Gained mutation: You have a pair of small horns on your head. [potion of mutation]
  9067 | Ossuary  | Lost mutation: You have a pair of small horns on your head. [potion of mutation]
  9067 | Ossuary  | Gained mutation: Your flesh is heat resistant. (rF+) [potion of mutation]
  9067 | Ossuary  | Gained mutation: You have a somewhat thin skeletal structure. (Dex +2, Stealth) [potion of mutation]
  9082 | Ossuary  | Reached ** piety under Ashenzari
  9233 | D:8      | Found a viscous altar of Jiyva.
  9235 | D:8      | Found a transporter.
  9263 | D:9      | Found Cikhojep's Magic Scroll Shoppe.
  9669 | D:9      | Found a blossoming altar of Fedhas.
  9844 | D:9      | Reached skill level 1 in Fighting
 10046 | D:9      | Found a sacrificial altar of Ru.
 10208 | D:9      | Found a hide-covered altar of Uskayaw.
 10222 | D:9      | Reached XP level 10. HP: 26/42 MP: 5/14
 10451 | D:10     | Entered Level 10 of the Dungeon
 10461 | D:10     | Noticed an unseen horror
 10469 | D:10     | Killed an unseen horror
 10469 | D:10     | Reached skill level 5 in Fighting
 10763 | D:10     | Found a staircase to the Lair.
 10940 | D:10     | Noticed a two-headed ogre
 10947 | D:10     | Killed a two-headed ogre
 11147 | D:10     | Found a staircase to the Orcish Mines.
 11600 | D:12     | Noticed Ratty's ghost (journeyman CeMo)
 11657 | D:12     | Reached XP level 11. HP: 42/53 MP: 0/15
 11658 | D:12     | Noticed Nessos
 11695 | D:12     | Reached *** piety under Ashenzari
 11928 | D:11     | Reached skill level 10 in Fighting
 12170 | D:11     | Found a portal to a secret trove of treasure.
 12189 | Trove    | Entered a treasure trove
 12302 | D:11     | Reached skill level 1 in Evocations
 12580 | D:11     | Noticed a two-headed ogre
 12605 | D:11     | Killed a two-headed ogre
 12704 | D:11     | Noticed a two-headed ogre
 12722 | D:11     | Killed a two-headed ogre
 13373 | D:11     | Noticed a five-headed hydra
 13412 | D:11     | Killed a five-headed hydra
 13412 | D:11     | Reached skill level 10 in Evocations
 14111 | D:13     | Noticed a catoblepas
 14148 | D:13     | Found a labyrinth entrance.
 14159 | D:13     | Killed a catoblepas
 14275 | Lab      | Entered a labyrinth
 14953 | Lab      | Noticed a minotaur
 14987 | Lab      | Slain by a minotaur
 14988 | Lab      | Reached XP level 10. HP: -2/51 MP: 4/18
 15349 | Lab      | HP: 2/51 [minotaur (19)]
 15352 | Lab      | Killed a minotaur
 15352 | Lab      | Reached skill level 5 in Spellcasting
 15664 | D:13     | Noticed shugdite's ghost (journeyman MiFi)
 15665 | D:13     | Noticed a centaur warrior
 15684 | D:13     | Killed a centaur warrior
 15684 | D:13     | Reached XP level 11. HP: 22/54 MP: 11/20
 15699 | D:13     | Noticed a yaktaur captain
 15888 | Lair:1   | Entered Level 1 of the Lair of Beasts
 16274 | Lair:1   | Noticed a seven-headed hydra
 16295 | Lair:1   | Slain by a seven-headed hydra
 16296 | Lair:1   | Reached XP level 10. HP: 0/51 MP: 15/22
 16476 | Lair:1   | Reached skill level 10 in Stealth
 16804 | Lair:1   | Killed a seven-headed hydra
 16804 | Lair:1   | Reached XP level 11. HP: 21/54 MP: 21/23
 17515 | Lair:2   | Found a staircase to the Swamp.
 17783 | Lair:2   | Noticed a five-headed hydra
 17844 | Lair:2   | Killed a five-headed hydra
 18482 | Lair:3   | Found a hole to the Spider Nest.
 18676 | Lair:3   | Noticed Urug
 18685 | Lair:3   | Killed Urug
 18890 | Lair:3   | Noticed an oklob plant
 18892 | Lair:3   | Noticed an oklob plant
 18893 | Lair:3   | Noticed a five-headed hydra
 18893 | Lair:3   | Noticed an oklob plant
 18893 | Lair:3   | Noticed an oklob plant
 18900 | Lair:3   | Gained mutation: Your thick and shaggy fur keeps you warm. (AC +3, rC+) [Felid growth]
 18900 | Lair:3   | Reached XP level 12. HP: 58/58 MP: 24/24
 18900 | Lair:3   | Killed a five-headed hydra
 18979 | Lair:3   | Learned a level 4 spell: Summon Lightning Spire
 18984 | Lair:3   | Learned a level 4 spell: Summon Ice Beast
 19104 | Lair:3   | Reached skill level 1 in Summonings
 19662 | Lair:4   | Reached **** piety under Ashenzari
 19720 | Lair:4   | Noticed Nergalle
 19726 | Lair:4   | Killed Nergalle
 19978 | Lair:4   | Noticed Harold
 19994 | Lair:4   | Killed Harold
 20377 | Lair:4   | Reached skill level 5 in Summonings
 20820 | Lair:5   | Found a staircase to the Slime Pits.
 20820 | Lair:5   | Found a viscous altar of Jiyva.
 20998 | Lair:5   | Reached ***** piety under Ashenzari
 21545 | Lair:6   | Entered Level 6 of the Lair of Beasts
 21863 | Lair:6   | Noticed a six-headed hydra
 21874 | Lair:6   | Reached XP level 13. HP: 61/61 MP: 15/25
 22157 | Lair:6   | Reached skill level 1 in Air Magic
 24018 | Lair:6   | Noticed a fire dragon
 24033 | Lair:6   | Killed a fire dragon
 24493 | Swamp:1  | Entered Level 1 of the Swamp
 24555 | Orc:1    | Entered Level 1 of the Orcish Mines
 24555 | Orc:1    | Noticed Fannar
 24580 | Orc:1    | Killed Fannar
 24639 | Orc:2    | Entered Level 2 of the Orcish Mines
 24639 | Orc:2    | Found a staircase to the Elven Halls.
 24640 | Orc:2    | Noticed Rupert
 24651 | Orc:2    | Killed Rupert
 24826 | Orc:1    | Noticed Erolcha
 25049 | Orc:1    | Found Goax's Assorted Antiques.
 25053 | Orc:1    | Killed Erolcha
 25053 | Orc:1    | Reached skill level 10 in Summonings
 25053 | Orc:1    | Reached XP level 14. HP: 66/66 MP: 11/26
 25294 | Orc:1    | Noticed Snorg
 25305 | Orc:1    | Killed Snorg
 26382 | Orc:1    | Noticed an orc warlord
 26409 | Orc:1    | Killed an orc warlord
 26884 | Orc:2    | Found Dudeon's Magic Scroll Shoppe.
 27503 | Orc:2    | Found Qexkavyz's Weapon Boutique.
 27503 | Orc:2    | Found Bimamug's Book Shoppe.
 27562 | Orc:2    | Bought a scroll of blinking for 120 gold pieces
 27827 | Orc:2    | Found a roughly hewn altar of Beogh.
 28103 | Orc:2    | Found Big Lant's Weapon Boutique.
 28103 | Orc:2    | Found Ydots's Distillery.
 28296 | Orc:2    | Bought a potion of curing for 33 gold pieces
 28296 | Orc:2    | Bought a potion of curing for 33 gold pieces
 28526 | Orc:2    | Bought a book of the Earth for 780 gold pieces
 28533 | Orc:2    | Learned a level 6 spell: Statue Form
 28770 | D:12     | Slain by Ratty's ghost
 28771 | D:12     | Reached XP level 13. HP: -1/62 MP: 17/25
 28980 | D:13     | Reached skill level 1 in Transmutations
 29039 | D:13     | Reached ****** piety under Ashenzari
 29070 | D:13     | Found a gate to the Vaults.
 29078 | D:13     | Reached skill level 1 in Earth Magic
 29292 | D:14     | Identified a scroll of acquirement
 29293 | D:14     | Identified the cursed ring "Jieg" {rF+ Dex+2} (You acquired it on level 14 of the Dungeon)
 29723 | D:14     | Noticed Azrael
 29735 | D:14     | Slain by Azrael

Skill      XL: |  1  2  3  4  5  6  7  8  9 10 11 12 13 14 |
---------------+-------------------------------------------+-----
Unarmed Combat | 2 3 4 6 7 |  7.2
Stealth        | 5 9 11 12 14 | 14.9
Ice Magic      | 3 5 |  5.3
Hexes          | 7 9 10 11 | 11.8
Dodging        | 9 |  9.3
Fighting       | 3 9 10 | 10.5
Evocations     | 13 14 | 14.1
Spellcasting   | 5 7 |  7.8
Summonings     | 8 10 | 10.8
Air Magic      | 4 |  4.4
Transmutations | 2 |  2.8
Earth Magic    | 2 |  2.3

Action                   |  1- 3 |  4- 6 |  7- 9 | 10-12 | 13-15 || total
-------------------------+-------+-------+-------+-------+-------++-------
Melee: Unarmed           |   110 |   109 |   267 |   416 |   334 ||  1236
       Bite              |     6 |     7 |    17 |    22 |    21 ||    73
       Punch             |       |     3 |     6 |    13 |     9 ||    31
 Cast: Corona            |    14 |     4 |     1 |       |     2 ||    21
       Ensorcelled Hiber |     9 |    53 |    85 |   235 |   257 ||   639
       Confuse           |       |       |    18 |    51 |    34 ||   103
       Summon Ice Beast  |       |       |       |     2 |    18 ||    20
       Summon Lightning  |       |       |       |     2 |    20 ||    22
Invok: Curse Item        |       |     2 |     1 |       |       ||     3
       Scrying           |       |       |       |     6 |       ||     6
Evoke: Wand              |       |       |       |     7 |     3 ||    10
       Phial of floods   |       |       |       |     2 |     2 ||     4
       Lightning rod     |       |       |       |     7 |    11 ||    18
       Fan of gales      |       |       |       |       |     2 ||     2
  Use: Scroll            |       |     7 |     9 |    10 |     5 ||    31
       Potion            |       |     1 |     8 |    12 |     3 ||    24
 Stab: Sleeping          |    23 |    42 |    77 |   182 |   160 ||   484
       Confused          |       |       |    14 |    27 |    27 ||    68
       Invisible         |       |       |     2 |       |       ||     2
       Distracted        |       |       |     1 |       |       ||     1
       Held in net/web   |       |       |       |     1 |       ||     1
  Eat: Chunk             |     2 |    13 |    20 |    30 |    21 ||    86
       Ration            |       |       |       |     4 |       ||     4
Armor: Skin              |    13 |    15 |    34 |    14 |    21 ||    97
Dodge: Dodged            |   115 |    98 |   210 |   300 |   301 ||  1024
Block: Other             |       |       |     6 |    26 |    20 ||    52
       Reflection        |       |       |     1 |     2 |       ||     3
